Map: King of Braxis Station

Players

MrFercho - Winner!

  • Race: Zerg Zerg
  • Spawn Location: 12:00

TATORREA - Winner!

  • Race: Protoss Protoss
  • League: Silver
  • Spawn Location: 7:00

tigro - Winner!

  • Race: Terran Terran
  • Spawn Location: 9:00

IA (Élite)

  • Race: Zerg Zerg
  • Spawn Location: 6:00

IA (Élite)

  • Race: Protoss Protoss
  • Spawn Location: 1:00

IA (Élite)

  • Race: Zerg Zerg
  • Spawn Location: 5:00

VOD

Have the link to the VOD?

Description

Time

  • Played on: May 2, 2020, 11:06 p.m.
  • Length: 32:32
Show
View Real Time Build Order
Export as new Build Order

MrFercho Zerg - Winner!

Build Orders: Pool First 

Get SALT Encoding   

  12  0:02  Drone  
  13  0:11  Drone  
  14  0:19  Overlord  
  14  0:28  Extractor  
  13  0:44  Spawning Pool  
  12  1:08  Drone x3  
  15  1:24  Drone  
  16  1:38  Hatchery  
  15  1:41  Drone  
  16  2:19  Zergling x6  
  19  2:29  Hatchery  
  18  2:33  Extractor, Metabolic Boost  
  18  2:35  Queen  
  19  2:45  Drone x2  
  21  2:54  Drone  
  22  3:10  Drone  
  23  3:26  Lair  
  23  3:34  Extractor, Drone x3  
  23  3:48  Roach Warren  
  22  4:40  Spire  
  22  4:43  Hydralisk Den  
  20  4:50  Infestation Pit  
  19  4:58  Hatchery  
  18  5:04  Drone x2  
  18  5:05  Drone  
  21  5:11  Roach x6  
  33  5:22  Drone  
  33  5:24  Overlord  
  21  6:05  Mutalisk x2  
  21  6:06  Mutalisk  
  21  6:09  Zergling x6  
  25  6:46  Hydralisk  
  27  6:47  Hydralisk x3  
  33  7:08  Drone x2  
  35  7:14  Hatchery  
  34  7:18  Drone x2  
  36  7:24  Overlord  
  36  8:11  Mutalisk  
  38  8:17  Drone x2  
  40  8:25  Hive  
  40  8:30  Drone  
  40  8:31  Drone x3  
  44  8:36  Queen  
  46  8:50  Zerg Flyer Armor Level 1  
  46  9:00  Grooved Spines  
  46  9:10  Hatchery  
  46  9:12  Drone x5  
  46  9:14  Overlord  
  50  9:55  Zergling x2  
  50  9:56  Zergling x10  
  56  10:12  Baneling Nest  
  15  12:27  Lair  
  15  12:31  Extractor  
  15  12:33  Drone  
  15  12:34  Drone x2  
  15  12:50  Drone  
  16  13:13  Drone x2  
  18  13:42  Drone  
  18  13:43  Drone x2  
  21  14:01  Drone  
  22  14:18  Hatchery  
  22  14:19  Hatchery  
  22  14:20  Hatchery  
  22  14:22  Hatchery  
  22  14:24  Hatchery  
  17  14:31  Drone x3  
  20  15:12  Drone x3  
  23  15:19  Hatchery  
  15  16:30  Hatchery  
  15  16:31  Hatchery  
  13  16:38  Hatchery  
  12  16:41  Extractor  
  12  16:43  Extractor  
  10  17:13  Spawning Pool  
  9  17:48  Drone x5  
  14  18:00  Queen  
  14  18:04  Lair  
  16  18:12  Overlord x2  
  16  18:14  Overlord x2  
  16  18:31  Zergling x2  
  16  18:32  Zergling x18  
  16  19:32  Spire  
  16  19:35  Drone  
  16  19:36  Drone x14  
  30  20:27  Infestation Pit  
  29  20:29  Queen  
  29  20:32  Hatchery  
  29  20:35  Queen  
  32  20:50  Mutalisk  
  32  20:51  Mutalisk x14  
  62  21:17  Hive  
  62  21:24  Mutalisk x5  
  62  21:25  Mutalisk x4  
  78  23:25  Mutalisk x6  
  78  23:26  Overlord x2  
  88  23:27  Mutalisk  
  52  25:20  Zerg Flyer Weapons Level 1  
  52  25:28  Mutalisk  
  52  25:29  Mutalisk x4  
  62  25:49  Drone x3  
  55  26:18  Mutalisk x3  
  59  26:39  Extractor  
  52  26:47  Extractor  
  49  27:13  Mutalisk  
  49  27:14  Mutalisk x2  
  55  27:21  Drone x3  
  48  28:10  Mutalisk x5  
  58  28:38  Mutalisk x3  
  64  28:43  Unknown  
  64  28:45  Unknown  
  64  28:46  Hatchery  
  61  29:13  Mutalisk  
  61  29:14  Mutalisk x3  
  65  31:12  Overseer  
  65  31:43  Pneumatized Carapace  
  65  32:04  Overseer  
Show
View Real Time Build Order
Export as new Build Order

TATORREA Protoss - Winner!

Build Orders:  

Get SALT Encoding   

  12  0:02  Probe (Chrono Boost)  
  14  0:14  Probe (Chrono Boost)  
  14  0:19  Probe (Chrono Boost)  
  15  0:36  Pylon  
  15  0:47  Assimilator  
  15  0:54  Assimilator, Probe  
  16  1:06  Probe  
  17  1:13  Gateway  
  17  1:18  Probe  
  18  1:31  Probe  
  19  1:32  Gateway  
  19  1:34  Gateway  
  19  1:43  Probe  
  20  1:55  Probe  
  21  2:07  Probe  
  22  2:19  Pylon  
  22  2:22  Pylon, Probe  
  23  2:24  Cybernetics Core  
  23  2:28  Pylon  
  23  2:37  Zealot x2  
  23  2:39  Zealot  
  29  3:10  Pylon  
  29  3:12  Stalker  
  31  3:13  Stalker  
  31  3:14  Pylon  
  31  3:18  Zealot  
  34  3:54  Twilight Council  
  34  3:56  Stargate  
  34  3:58  Robotics Facility  
  34  4:02  Stalker  
  24  5:07  Stalker x3  
  24  5:09  Immortal  
  24  5:11  Oracle (Chrono Boost)  
  35  5:42  Stalker x2, Warp Gate (Chrono Boost)  
  39  5:43  Stalker  
  41  6:35  Stalker x3  
  41  6:39  Immortal  
  51  6:41  Void Ray  
  55  7:05  Zealot x2  
  59  7:24  Void Ray  
  59  7:26  Shield Battery  
  63  7:50  Pylon  
  63  7:54  Pylon  
  63  7:58  Pylon  
  63  8:03  Pylon  
  63  8:08  Robotics Bay  
  63  8:36  Stalker x2  
  63  8:37  Stalker  
  63  8:41  Void Ray  
  73  9:03  Extended Thermal Lance (Chrono Boost)  
  73  9:24  Void Ray  
  77  10:07  Oracle  
  77  10:42  Stalker x2  
  79  10:43  Stalker  
  79  10:44  Oracle  
  86  11:06  Colossus  
  92  12:38  Pylon  
  92  12:43  Pylon  
  92  12:46  Pylon  
  92  12:47  Stalker  
  92  12:50  Pylon  
  94  12:53  Pylon  
  94  12:55  Colossus  
  94  12:56  Stalker  
  94  12:57  Pylon  
  102  13:01  Stalker, Void Ray, Pylon  
  102  13:04  Pylon  
  102  13:44  Void Ray  
  106  13:52  Stalker x2  
  106  13:53  Stalker  
  70  16:28  Void Ray  
  74  16:33  Stalker x2  
  74  16:34  Stalker  
  80  16:55  Colossus  
  86  17:11  Void Ray  
  90  17:53  Void Ray  
  90  17:55  Stalker  
  90  17:56  Stalker x2  
  100  17:59  Colossus  
  106  18:27  Stalker x2  
  106  18:28  Stalker  
  112  18:36  Void Ray  
  42  19:19  Void Ray  
  46  19:27  Stalker  
  46  19:28  Stalker x2  
  52  19:40  Colossus  
  58  20:02  Oracle  
  61  20:39  Oracle  
  64  21:16  Stalker, Oracle  
  64  21:17  Stalker  
  71  21:22  Stalker  
  61  22:42  Colossus  
  67  22:48  Stalker  
  69  22:53  Zealot x2  
  73  23:36  Colossus  
  70  23:49  Oracle  
  73  23:57  Zealot x2  
  73  23:58  Zealot  
  79  24:23  Zealot x3  
  85  24:26  Oracle  
  85  24:29  Colossus  
  94  24:36  Gateway  
  94  24:38  Gateway  
  94  24:40  Gateway  
  94  24:43  Gateway  
  94  24:45  Gateway  
  94  24:46  Zealot  
  94  24:47  Zealot  
  94  24:48  Gateway, Zealot  
  100  24:56  Charge  
  100  25:12  Void Ray  
  104  25:19  Zealot  
  106  25:21  Zealot  
  106  25:22  Zealot  
  110  25:43  Zealot x2  
  110  25:44  Zealot  
  110  25:49  Zealot  
  118  25:50  Zealot x2  
  122  26:02  Zealot x2  
  126  27:25  Zealot x3  
  126  27:26  Zealot x2  
  126  27:27  Zealot x3  
  126  27:28  Zealot  
  144  27:30  Colossus  
  150  28:37  Zealot x2  
  150  28:38  Zealot x2  
  127  31:36  Observer  
Show
View Real Time Build Order
Export as new Build Order

tigro Terran - Winner!

Build Orders:  

Get SALT Encoding   

  12  0:07  SCV  
  13  0:19  SCV  
  14  0:25  Supply Depot  
  14  0:31  SCV, Refinery  
  15  0:47  SCV  
  15  0:49  Refinery  
  16  0:59  SCV  
  16  1:02  Barracks  
  17  1:11  SCV  
  18  1:23  SCV  
  19  1:26  Supply Depot  
  19  1:35  SCV  
  20  1:47  SCV  
  20  1:49  Marine  
  22  1:59  SCV  
  23  2:07  Marine  
  24  2:10  Barracks  
  24  2:15  SCV  
  25  2:25  Marine  
  26  2:43  Marine  
  27  2:51  Orbital Command  
  27  3:01  Marine  
  27  3:02  Barracks Tech Lab  
  27  3:05  Engineering Bay  
  28  3:18  Marine  
  25  3:29  Marine  
  25  3:36  Marine  
  24  3:47  Marine  
  19  3:54  Marine  
  18  4:05  Marine  
  1  6:15  Command Center  
  1  7:28  SCV  
  2  7:37  Supply Depot  
  2  7:40  SCV  
  3  7:52  SCV  
  4  8:04  SCV  
  5  8:12  Barracks  
  5  8:16  SCV  
  6  8:28  SCV  
  7  8:40  SCV  
  8  8:52  SCV  
  9  8:59  Refinery  
  9  9:05  SCV  
  9  9:06  Barracks Tech Lab  
  11  9:17  SCV  
  11  9:24  Supply Depot  
  11  9:29  SCV  
  12  9:35  Marauder  
  14  9:44  SCV  
  15  9:56  Marine, SCV  
  17  10:14  Marauder  
  19  10:33  SCV  
  19  10:35  Marine  
  21  10:44  Refinery  
  21  10:45  SCV  
  22  10:53  Marauder  
  24  10:57  SCV  
  25  11:10  SCV  
  26  11:14  Marine  
  27  11:22  SCV  
  28  11:34  Engineering Bay, SCV  
  29  11:46  Combat Shield, SCV  
  30  11:58  SCV  
  31  12:24  Supply Depot  
  31  12:25  Orbital Command  
  31  12:46  Marauder  
  33  13:05  Factory  
  33  13:07  Marauder  
  35  13:15  SCV  
  25  13:27  SCV  
  4  14:52  Command Center  
  4  15:26  Barracks  
  4  15:56  Barracks  
  4  16:16  Marine  
  5  16:34  Marine  
  6  16:44  SCV  
  7  16:52  Marine  
  8  16:57  SCV  
  9  17:02  Barracks Tech Lab  
  9  17:09  SCV  
  9  17:10  Marine  
  11  17:28  Marine  
  11  17:29  Stimpack  
  12  17:43  SCV  
  13  17:45  Marine  
  14  17:55  SCV  
  15  18:06  Barracks Tech Lab  
  15  18:25  SCV  
  16  18:37  SCV  
  17  18:45  Supply Depot  
  17  18:49  Marauder, SCV  
  20  19:01  SCV  
  21  19:06  Refinery  
  21  19:09  Concussive Shells  
  21  19:10  Refinery  
  21  19:11  Marauder  
  21  19:13  SCV  
  24  19:17  Marine  
  25  19:25  SCV  
  25  19:29  Engineering Bay  
  26  19:32  Marauder  
  26  19:35  Marine  
  29  19:39  Orbital Command  
  29  19:52  Marine  
  29  19:59  Factory  
  30  20:01  Terran Infantry Weapons Level 1  
  30  20:09  SCV  
  31  20:31  Supply Depot  
  31  20:52  Marine  
  31  20:53  Marauder, SCV  
  35  21:02  Factory Tech Lab  
  35  21:05  SCV  
  35  21:10  Starport, Marine  
  37  21:14  Marauder  
  39  21:27  SCV  
  39  21:29  Marauder  
  42  21:35  Marine  
  42  21:39  SCV  
  44  21:49  Marine  
  44  21:51  SCV  
  44  21:53  Marine  
  47  21:55  Terran Infantry Armor Level 1  
  47  21:58  Starport Tech Lab  
  47  22:16  Supply Depot  
  47  22:37  Marine  
  47  22:38  SCV  
  30  22:55  Marine  
  31  23:02  Medivac  
  31  23:03  Armory  
  33  23:13  Marine  
  34  23:31  Marauder, Marine  
  34  23:32  Medivac  
  39  23:37  SCV  
  40  23:49  Marine, Neosteel Armor  
  40  23:52  Fusion Core  
  40  23:53  Marauder  
  36  24:06  Marine  
  37  24:10  Thor  
  37  24:14  Marauder  
  45  24:24  Marine  
  46  24:35  Marauder  
  48  24:42  Marine  
  49  24:47  Terran Vehicle Weapons Level 1  
  49  24:53  Thor  
  49  24:57  Marauder  
  57  25:00  Marine  
  58  25:18  Marine  
  46  25:29  Hi-Sec Auto Tracking  
  45  25:36  Thor  
  51  25:47  Medivac  
  53  25:50  Marauder  
  53  25:53  Marine  
  56  26:11  Marine  
  56  26:12  Marauder  
  56  26:17  Medivac  
  61  26:29  Marine  
  61  26:31  Thor  
  68  26:33  Marauder  
  70  26:42  Terran Vehicle And Ship Armor Level 1  
  54  26:47  Marine  
  55  26:55  Marauder  
  57  27:04  Marine  
  58  27:14  Thor  
  64  27:16  Marauder  
  64  27:22  Marine  
  66  27:29  Medivac  
  69  27:37  Marauder  
  69  27:40  Marine  
  58  27:58  Marine  
  58  27:59  Marauder  
  58  28:01  Battlecruiser  
  67  28:16  Marine  
  54  28:20  Marauder  
  56  28:34  Marine  
  57  28:36  Terran Ship Weapons Level 1  
  57  28:41  Marauder  
  59  28:51  Marine  
  60  29:03  Marauder  
  60  29:05  Battlecruiser  
  60  29:09  Marine  
  69  29:24  Marine  
  69  29:27  Marine  
  71  29:39  Terran Infantry Weapons Level 2  
  71  29:42  Marine  
  71  29:45  Marine  
  73  29:59  Marine  
  73  30:03  Marine  
  75  30:17  Marine  
  75  30:20  Marine  
  77  30:35  Marine  
  78  30:38  Marine  
Show
View Real Time Build Order
Export as new Build Order

IA (Élite) Zerg 

Build Orders: 1 Base Baneling Bust, Pool Only, Zergling Baneling 

Get SALT Encoding   

  12  0:01  Drone  
  13  0:07  Drone  
  14  0:17  Overlord  
  14  0:34  Spawning Pool  
  14  0:35  Extractor  
  12  0:37  Drone  
  12  0:41  Drone  
  14  0:46  Drone  
  15  1:21  Queen  
  15  1:22  Zergling x6  
  20  1:33  Zergling x2  
  20  1:38  Baneling Nest  
  20  1:44  Drone  
  21  1:54  Zergling x2  
  22  2:06  Overlord  
  22  2:24  Zergling x2, Baneling  
  22  2:27  Zergling x2, Baneling  
  22  2:28  Zergling x6  
  22  2:29  Baneling x2  
  27  2:33  Baneling  
  27  2:38  Zergling x2, Baneling  
  27  2:41  Baneling  
  28  2:48  Baneling  
  28  2:49  Zergling x2  
  29  3:00  Zergling x2, Overlord  
  30  3:18  Zergling x4  
  30  3:22  Zergling x2  
  28  3:31  Zergling x2  
  28  3:32  Zergling x2  
  29  3:36  Baneling x2  
  29  3:38  Zergling x2  
  29  3:39  Baneling  
  29  3:40  Baneling  
  28  3:45  Zergling x2  
  28  3:49  Baneling  
  28  3:50  Baneling  
  28  3:53  Zergling x2  
  28  3:57  Zergling x2  
  29  4:03  Baneling x2  
  29  4:08  Zergling x2  
  30  4:13  Zergling x2  
  31  4:20  Drone  
  32  4:30  Overlord  
  30  4:49  Roach Warren  
  28  5:01  Lair  
  27  5:27  Extractor  
  26  5:28  Roach  
  28  5:37  Roach  
  29  5:46  Roach  
  30  5:53  Drone  
  30  5:54  Roach  
  33  5:59  Drone  
  33  6:02  Hydralisk Den  
  33  6:06  Drone  
  34  6:12  Drone  
  29  6:20  Drone  
  20  6:27  Drone x2  
  18  6:47  Drone  
  19  7:04  Drone  
  18  7:26  Drone  
  19  7:42  Drone  
  20  7:53  Drone  
  21  8:05  Drone  
Show
View Real Time Build Order
Export as new Build Order

IA (Élite) Protoss 

Build Orders: Zealot Archon 

Get SALT Encoding   

  12  0:01  Probe  
  13  0:13  Probe  
  14  0:20  Pylon  
  14  0:25  Probe  
  15  0:34  Probe  
  15  0:42  Probe  
  16  0:47  Assimilator  
  17  0:50  Gateway  
  17  0:52  Probe  
  18  1:00  Pylon, Probe  
  19  1:08  Probe  
  20  1:18  Probe  
  21  1:36  Gateway  
  21  1:39  Probe, Zealot  
  24  1:41  Cybernetics Core  
  24  1:50  Pylon  
  24  1:51  Probe  
  25  1:57  Zealot  
  25  2:03  Assimilator  
  27  2:09  Probe  
  28  2:19  Warp Gate  
  28  2:21  Probe  
  29  2:23  Adept x2  
  33  2:35  Robotics Facility  
  33  2:37  Probe  
  34  2:53  Adept x2  
  34  2:58  Pylon  
  38  2:59  Probe  
  39  3:23  Adept  
  39  3:24  Sentry  
  39  3:26  Immortal  
  47  3:37  Pylon  
  47  3:51  Stalker  
  47  3:55  Stalker  
  51  4:00  Pylon  
  55  4:10  Immortal  
  55  4:19  Probe  
  55  4:26  Pylon  
  55  4:29  Twilight Council  
  51  4:55  Probe  
  52  5:06  Gateway  
  52  5:08  Templar Archives  
  52  5:18  Zealot  
  54  5:39  Forge  
  54  5:44  High Templar  
  54  5:48  Forge  
  56  5:51  High Templar  
  52  6:00  Stalker  
  52  6:16  Zealot  
  52  6:23  Stalker, Zealot  
  56  6:32  Adept  
  56  6:43  Sentry  
  56  6:46  Stalker  
  60  6:47  Adept  
  60  6:49  Gateway  
  60  6:52  Archon  
  58  7:14  High Templar  
  60  7:41  High Templar  
  62  7:55  Archon, Observer  
  63  8:00  Photon Cannon  
  63  8:07  Pylon  
  63  8:23  High Templar  
  65  8:33  Photon Cannon  
  65  8:51  High Templar  
  67  8:57  Gateway  
  67  9:00  Stalker  
  69  9:05  Archon  
  69  9:10  Photon Cannon  
  69  9:17  Pylon  
  69  9:28  High Templar  
  71  9:51  Gateway  
  71  9:56  High Templar  
  73  10:05  Stalker  
  75  10:09  Archon  
  75  10:25  Pylon  
  75  10:33  High Templar  
  77  11:01  High Templar  
  79  11:10  Stalker  
  81  11:27  Zealot x3  
  81  11:28  Sentry  
  89  11:35  Pylon  
  87  11:40  Gateway  
  87  11:56  Protoss Ground Weapons Level 1  
  87  12:02  Psionic Storm  
  87  12:13  Protoss Ground Armor Level 1  
  87  12:35  Stalker  
  87  12:40  Zealot x2  
  87  12:43  Stalker  
  93  12:47  Pylon  
  93  12:52  Stalker  
  95  13:01  Stalker  
  97  13:11  Stalker  
  99  13:17  Pylon  
  99  13:21  Zealot x3  
  105  13:29  Immortal  
  109  13:45  Pylon  
  109  14:09  Immortal  
  113  14:11  Pylon  
  113  14:38  Immortal  
  113  14:39  Pylon  
  117  15:06  Pylon  
  117  15:10  Archon  
  117  15:16  Immortal  
  121  15:34  Pylon  
  121  15:36  Archon  
  121  15:46  Immortal  
  121  15:48  High Templar  
  127  15:58  Archon  
  127  15:59  High Templar  
  129  16:20  High Templar, Zealot  
  133  16:26  Immortal  
  137  16:48  High Templar  
  139  16:57  Pylon  
  139  17:04  Warp Prism  
  139  17:06  Archon  
  141  17:08  Photon Cannon  
  141  17:13  Probe  
  141  17:16  High Templar  
  143  17:23  Archon  
  143  17:34  Warp Prism  
  145  17:44  High Templar  
  147  17:56  Archon  
  147  18:01  Pylon  
  147  18:11  High Templar  
  149  18:19  Zealot  
  151  18:39  High Templar  
  153  18:52  Archon  
  153  19:06  Sentry  
  153  19:09  Zealot  
  127  19:11  Zealot x2  
  127  19:12  Zealot  
  121  19:35  Zealot  
  123  19:38  Robotics Bay  
  123  20:20  Sentry  
  125  20:24  Colossus  
  125  20:25  Adept  
  133  21:06  Adept  
  135  21:11  Colossus  
  141  21:42  Photon Cannon  
  141  21:44  Probe  
  141  21:46  Colossus  
  140  21:54  Photon Cannon  
  140  21:56  Probe  
  141  22:02  Stalker  
  143  22:11  Stalker  
  145  22:17  Protoss Ground Weapons Level 2  
  145  22:20  Probe  
  145  22:21  Stalker  
  140  22:29  Charge  
  139  22:32  Probe  
  135  22:37  Photon Cannon  
  127  22:45  Pylon  
  125  22:53  Pylon  
  121  23:01  Pylon  
  121  23:04  Pylon  
  121  23:08  Pylon  
  121  23:12  Photon Cannon  
  121  23:16  Pylon  
  121  23:19  Pylon  
  121  23:22  Pylon  
  109  23:28  Pylon  
  109  23:32  Pylon  
  109  23:33  Probe  
  97  23:50  Probe  
  84  23:56  Cybernetics Core  
  84  24:02  Probe  
  84  24:05  Pylon  
  82  24:14  Probe  
  81  24:26  Pylon, Probe  
  81  24:27  Assimilator  
  82  24:33  Stalker x2  
  82  24:34  Stalker  
  82  24:35  Assimilator  
  88  24:38  Probe  
  88  24:43  Stalker  
  91  24:49  Pylon  
  91  24:50  Probe  
  92  25:02  Probe  
  87  25:14  Probe  
  77  25:20  Photon Cannon  
  78  25:22  Probe  
  79  25:30  Probe  
  80  25:41  Probe  
  81  25:53  Probe  
  82  25:57  Gateway  
  82  26:05  Probe  
  79  26:16  Probe  
  80  26:24  Pylon  
  80  26:29  Pylon  
  80  26:31  Pylon  
  80  26:35  Probe  
  79  26:46  Zealot  
  68  26:47  Pylon  
  68  26:48  Probe  
  68  26:52  Zealot  
  65  27:00  Probe  
  66  27:08  Pylon  
  65  27:12  Probe  
  66  27:20  Pylon  
  66  27:22  Probe  
  67  27:30  Probe  
  67  27:33  Pylon  
  68  27:37  Pylon  
  68  27:38  Probe  
  66  27:50  Probe  
  64  28:02  Probe  
  64  28:06  Pylon  
  64  28:09  Pylon  
  64  28:14  Probe  
  63  28:24  Zealot  
  63  28:26  Probe  
  63  28:27  Warp Prism, Zealot  
  70  28:39  Probe  
  71  28:43  Pylon  
  71  28:46  Pylon, Zealot  
  73  28:51  Probe  
  70  29:03  Probe  
  71  29:15  Probe  
  72  29:18  Pylon  
  72  29:27  Probe  
  73  29:34  Pylon  
  69  29:48  Pylon  
  67  29:58  Pylon  
  57  30:01  Pylon  
  57  30:04  Pylon  
  20  30:09  Zealot  
  2  30:16  Zealot  
  2  30:19  Zealot  
Show
View Real Time Build Order
Export as new Build Order

IA (Élite) Zerg 

Build Orders: Pool First 

Get SALT Encoding   

  12  0:01  Drone  
  13  0:12  Overlord  
  13  0:18  Drone  
  14  0:30  Drone  
  15  0:40  Spawning Pool  
  15  0:42  Drone  
  15  0:46  Drone  
  16  0:51  Drone  
  16  0:53  Extractor  
  17  0:57  Drone  
  17  1:06  Drone  
  18  1:17  Drone  
  19  1:29  Queen  
  19  1:30  Roach Warren  
  19  1:32  Drone  
  21  1:38  Zergling x2  
  22  1:49  Overlord  
  22  1:59  Overlord  
  22  2:11  Roach  
  24  2:21  Roach  
  26  2:32  Roach  
  26  2:36  Roach x3  
  34  2:43  Roach  
  36  2:54  Roach  
  38  3:06  Overlord  
  38  3:13  Overlord  
  38  3:24  Roach x3  
  44  3:35  Roach  
  44  3:40  Drone, Roach x2  
  51  3:46  Overlord  
  51  3:55  Extractor  
  50  3:57  Zergling x2  
  50  4:07  Roach  
  52  4:12  Zergling x2, Drone  
  52  4:14  Lair  
  54  4:18  Overlord  
  54  4:30  Drone  
  55  4:33  Drone  
  56  4:41  Drone  
  56  4:44  Drone  
  58  4:46  Drone  
  58  4:48  Drone  
  60  4:53  Drone  
  59  5:03  Drone  
  52  5:15  Hydralisk Den  
  52  5:16  Drone  
  52  5:17  Drone, Infestation Pit  
  52  5:35  Evolution Chamber  
  52  5:36  Drone  
  52  5:39  Zergling x4  
  54  5:46  Hydralisk x2  
  54  5:47  Zergling x2  
  59  5:50  Hydralisk  
  61  5:58  Overlord  
  61  6:08  Hydralisk  
  63  6:15  Evolution Chamber  
  63  6:18  Infestor, Zerg Missile Weapons Level 1  
  62  6:19  Drone  
  61  6:41  Roach  
  61  6:42  Roach  
  61  6:44  Roach  
  59  6:50  Roach  
  59  6:51  Roach x2  
  59  6:52  Roach  
  61  7:16  Overseer  
  61  7:26  Infestor  
  63  7:55  Zerg Ground Armor Level 1  
  63  7:58  Drone, Spine Crawler  
  63  8:09  Ravager  
  64  8:13  Roach  
  66  8:27  Ravager  
  66  8:32  Roach  
  69  8:38  Spine Crawler  
  69  8:40  Hydralisk, Drone  
  71  8:41  Overlord  
  71  8:50  Hydralisk  
  73  8:58  Hydralisk  
  75  9:08  Hydralisk  
  75  9:09  Overlord  
  77  9:19  Drone, Spine Crawler  
  77  9:35  Hatchery  
  77  9:36  Infestor, Drone  
  79  10:00  Spore Crawler  
  79  10:02  Drone  
  79  10:05  Infestor  
  81  10:09  Roach  
  83  10:19  Zergling x2  
  83  10:20  Overlord  
  84  10:24  Evolution Chamber  
  84  10:26  Drone  
  84  10:27  Metabolic Boost  
  84  10:35  Spore Crawler  
  83  10:36  Drone  
  84  10:46  Zerg Melee Weapons Level 1  
  84  10:48  Queen  
  86  10:53  Zergling x4  
  87  11:01  Spore Crawler  
  87  11:02  Drone  
  87  11:11  Hatchery  
  87  11:13  Drone  
  87  11:14  Zerg Missile Weapons Level 2  
  87  11:29  Spore Crawler  
  87  11:30  Drone  
  87  11:55  Queen, Zerg Ground Armor Level 2  
  89  12:03  Queen  
  91  12:30  Hatchery  
  91  12:31  Zergling x2, Drone  
  91  12:32  Zergling x2  
  91  12:34  Zergling x2  
  94  12:38  Spire  
  94  12:40  Overlord, Drone  
  94  13:02  Overseer  
  94  13:11  Zerg Melee Weapons Level 2  
  94  13:21  Zergling x2  
  94  13:23  Zergling x2  
  94  13:24  Zergling x2  
  94  13:25  Zergling x2  
  94  13:29  Queen  
  94  13:31  Zergling x2  
  94  13:50  Mutalisk  
  94  13:51  Mutalisk  
  94  13:53  Mutalisk  
  100  13:57  Roach  
  102  14:10  Mutalisk  
  104  14:28  Mutalisk  
  104  14:29  Overlord  
  104  14:30  Zergling x2  
  106  14:34  Roach  
  98  14:51  Zergling x2, Mutalisk  
  100  14:54  Overlord  
  100  14:59  Overlord x2  
  92  15:08  Overlord x2  
  92  15:11  Spine Crawler  
  86  15:14  Overlord x2  
  78  15:22  Overlord  
  61  15:29  Overlord  
  61  15:33  Drone x5  
  61  15:34  Drone x5  
  61  15:35  Roach, Drone x2  
  48  15:37  Zergling x2  
  48  15:40  Zergling x2  
  8  15:51  Drone  
  8  15:52  Drone x2  
  9  16:03  Drone  
Tags
 
Add a new tag
Caveats
  • Supply blocks, unpowered buildings, or Contaminate may cause inaccurate times.
  • Supply counts are checked every 10 seconds.